Unix NetHack Version 3.7.0-66 Work-in-progress - last build Dec 5 2022 03:26:57 (dbea811729ade750c4c0c7f8ab6145c62533a6e7,branch:master).

Game began 2022-12-23 14:04:12, ended 2022-12-24 13:54:19.

stenno, lawful female human Valkyrie

  
unexplored area
unexplored area
unexplored area
unexplored area
unexplored area
unexplored area
unexplored area
unexplored area
unexplored area
unexplored area
unexplored area
unexplored area
unexplored area
unexplored area
unexplored area
unexplored area
unexplored area
unexplored area
unexplored area
unexplored area
unexplored area
unexplored area
unexplored area
unexplored area
unexplored area
unexplored area
unexplored area
unexplored area
unexplored area
unexplored area
unexplored area
unexplored area
unexplored area
unexplored area
unexplored area
unexplored area
unexplored area
unexplored area
unexplored area
unexplored area
unexplored area
unexplored area
unexplored area
unexplored area
unexplored area
unexplored area
unexplored area
unexplored area
unexplored area
unexplored area
unexplored area
unexplored area
unexplored area
unexplored area
unexplored area
unexplored area
unexplored area
unexplored area
unexplored area
unexplored area
unexplored area
unexplored area
unexplored area
unexplored area
unexplored area
unexplored area
unexplored area
unexplored area
unexplored area
unexplored area
unexplored area
unexplored area
unexplored area
unexplored area
unexplored area
unexplored area
unexplored area
unexplored area
unexplored area
unexplored area
unexplored area
unexplored area
unexplored area
unexplored area
unexplored area
unexplored area
unexplored area
unexplored area
unexplored area
unexplored area
unexplored area
unexplored area
unexplored area
unexplored area
unexplored area
unexplored area
unexplored area
unexplored area
unexplored area
unexplored area
unexplored area
unexplored area
unexplored area
unexplored area
unexplored area
unexplored area
unexplored area
unexplored area
unexplored area
unexplored area
unexplored area
unexplored area
unexplored area
unexplored area
unexplored area
unexplored area
unexplored area
unexplored area
unexplored area
unexplored area
unexplored area
unexplored area
unexplored area
unexplored area
unexplored area
unexplored area
unexplored area
unexplored area
unexplored area
unexplored area
unexplored area
unexplored area
unexplored area
unexplored area
unexplored area
unexplored area
unexplored area
unexplored area
unexplored area
unexplored area
unexplored area
unexplored area
unexplored area
unexplored area
unexplored area
unexplored area
unexplored area
unexplored area
unexplored area
unexplored area
unexplored area
unexplored area
unexplored area
unexplored area
unexplored area
unexplored area
unexplored area
unexplored area
unexplored area
unexplored area
unexplored area
unexplored area
unexplored area
unexplored area
unexplored area
unexplored area
unexplored area
unexplored area
unexplored area
unexplored area
unexplored area
unexplored area
unexplored area
unexplored area
unexplored area
unexplored area
unexplored area
unexplored area
unexplored area
unexplored area
unexplored area
unexplored area
unexplored area
unexplored area
unexplored area
unexplored area
unexplored area
unexplored area
unexplored area
unexplored area
unexplored area
unexplored area
unexplored area
unexplored area
unexplored area
unexplored area
unexplored area
unexplored area
unexplored area
unexplored area
unexplored area
unexplored area
unexplored area
unexplored area
unexplored area
unexplored area
unexplored area
unexplored area
unexplored area
unexplored area
unexplored area
unexplored area
unexplored area
unexplored area
unexplored area
unexplored area
unexplored area
unexplored area
unexplored area
unexplored area
unexplored area
unexplored area
unexplored area
unexplored area
unexplored area
unexplored area
unexplored area
unexplored area
unexplored area
unexplored area
unexplored area
unexplored area
unexplored area
unexplored area
unexplored area
unexplored area
unexplored area
unexplored area
unexplored area
unexplored area
unexplored area
unexplored area
unexplored area
unexplored area
unexplored area
unexplored area
unexplored area
unexplored area
unexplored area
unexplored area
unexplored area
unexplored area
unexplored area
unexplored area
unexplored area
unexplored area
unexplored area
unexplored area
unexplored area
unexplored area
unexplored area
unexplored area
unexplored area
unexplored area
unexplored area
unexplored area
unexplored area
unexplored area
unexplored area
unexplored area
unexplored area
unexplored area
unexplored area
unexplored area
unexplored area
unexplored area
unexplored area
wall
wall
wall
wall
wall
unexplored area
unexplored area
unexplored area
unexplored area
unexplored area
unexplored area
unexplored area
unexplored area
unexplored area
unexplored area
unexplored area
unexplored area
unexplored area
unexplored area
unexplored area
unexplored area
unexplored area
unexplored area
unexplored area
unexplored area
unexplored area
unexplored area
unexplored area
unexplored area
unexplored area
unexplored area
unexplored area
unexplored area
unexplored area
unexplored area
unexplored area
unexplored area
unexplored area
unexplored area
unexplored area
unexplored area
unexplored area
unexplored area
unexplored area
unexplored area
unexplored area
unexplored area
unexplored area
unexplored area
unexplored area
unexplored area
unexplored area
unexplored area
unexplored area
unexplored area
unexplored area
unexplored area
unexplored area
unexplored area
unexplored area
unexplored area
unexplored area
unexplored area
unexplored area
unexplored area
unexplored area
unexplored area
unexplored area
unexplored area
unexplored area
unexplored area
unexplored area
unexplored area
unexplored area
unexplored area
unexplored area
unexplored area
unexplored area
unexplored area
wall
.floor of a room
.floor of a room
Trock troll
wall
unexplored area
unexplored area
unexplored area
unexplored area
unexplored area
unexplored area
unexplored area
unexplored area
unexplored area
unexplored area
unexplored area
unexplored area
unexplored area
unexplored area
unexplored area
unexplored area
unexplored area
unexplored area
unexplored area
unexplored area
unexplored area
unexplored area
unexplored area
unexplored area
unexplored area
unexplored area
unexplored area
unexplored area
unexplored area
unexplored area
unexplored area
unexplored area
unexplored area
unexplored area
unexplored area
unexplored area
unexplored area
unexplored area
unexplored area
unexplored area
unexplored area
unexplored area
unexplored area
unexplored area
unexplored area
unexplored area
unexplored area
unexplored area
unexplored area
unexplored area
unexplored area
unexplored area
unexplored area
unexplored area
unexplored area
unexplored area
unexplored area
unexplored area
unexplored area
unexplored area
unexplored area
unexplored area
unexplored area
unexplored area
unexplored area
unexplored area
unexplored area
unexplored area
unexplored area
unexplored area
unexplored area
unexplored area
unexplored area
unexplored area
.doorway
%a tripe ration
.floor of a room
@human valkyrie called stenno
.doorway
unexplored area
unexplored area
unexplored area
unexplored area
unexplored area
unexplored area
unexplored area
unexplored area
unexplored area
unexplored area
unexplored area
unexplored area
unexplored area
unexplored area
unexplored area
unexplored area
unexplored area
unexplored area
unexplored area
unexplored area
unexplored area
unexplored area
unexplored area
unexplored area
unexplored area
unexplored area
unexplored area
unexplored area
unexplored area
unexplored area
unexplored area
unexplored area
unexplored area
unexplored area
unexplored area
unexplored area
unexplored area
unexplored area
unexplored area
unexplored area
unexplored area
unexplored area
unexplored area
unexplored area
unexplored area
unexplored area
unexplored area
unexplored area
unexplored area
unexplored area
unexplored area
unexplored area
unexplored area
unexplored area
unexplored area
unexplored area
unexplored area
unexplored area
unexplored area
unexplored area
unexplored area
unexplored area
unexplored area
unexplored area
unexplored area
unexplored area
unexplored area
unexplored area
unexplored area
unexplored area
unexplored area
unexplored area
unexplored area
unexplored area
wall
.floor of a room
.floor of a room
.floor of a room
wall
unexplored area
unexplored area
unexplored area
unexplored area
unexplored area
unexplored area
unexplored area
unexplored area
unexplored area
unexplored area
unexplored area
unexplored area
unexplored area
unexplored area
unexplored area
unexplored area
unexplored area
unexplored area
unexplored area
unexplored area
unexplored area
unexplored area
unexplored area
unexplored area
unexplored area
unexplored area
unexplored area
unexplored area
unexplored area
unexplored area
unexplored area
unexplored area
unexplored area
unexplored area
unexplored area
unexplored area
unexplored area
unexplored area
unexplored area
unexplored area
unexplored area
unexplored area
unexplored area
unexplored area
unexplored area
unexplored area
unexplored area
unexplored area
unexplored area
unexplored area
unexplored area
unexplored area
unexplored area
unexplored area
unexplored area
unexplored area
unexplored area
unexplored area
unexplored area
unexplored area
unexplored area
unexplored area
unexplored area
unexplored area
unexplored area
unexplored area
unexplored area
unexplored area
unexplored area
unexplored area
unexplored area
unexplored area
unexplored area
unexplored area
wall
wall
.doorway
wall
wall
unexplored area
unexplored area
unexplored area
unexplored area
unexplored area
unexplored area
unexplored area
unexplored area
unexplored area
unexplored area
unexplored area
unexplored area
unexplored area
unexplored area
unexplored area
unexplored area
unexplored area
unexplored area
unexplored area
unexplored area
unexplored area
unexplored area
unexplored area
unexplored area
unexplored area
unexplored area
unexplored area
unexplored area
unexplored area
unexplored area
unexplored area
unexplored area
unexplored area
unexplored area
unexplored area
unexplored area
unexplored area
unexplored area
unexplored area
unexplored area
unexplored area
unexplored area
unexplored area
unexplored area
unexplored area
unexplored area
unexplored area
unexplored area
unexplored area
unexplored area
unexplored area
unexplored area
unexplored area
unexplored area
unexplored area
unexplored area
unexplored area
unexplored area
unexplored area
unexplored area
unexplored area
unexplored area
unexplored area
unexplored area
unexplored area
unexplored area
unexplored area
unexplored area
unexplored area
unexplored area
unexplored area
unexplored area
unexplored area
unexplored area
unexplored area
unexplored area
unexplored area
unexplored area
unexplored area
unexplored area
unexplored area
unexplored area
unexplored area
unexplored area
unexplored area
unexplored area
unexplored area
unexplored area
unexplored area
unexplored area
unexplored area
unexplored area
unexplored area
unexplored area
unexplored area
unexplored area
unexplored area
unexplored area
unexplored area
unexplored area
unexplored area
unexplored area
unexplored area
unexplored area
unexplored area
unexplored area
unexplored area
unexplored area
unexplored area
unexplored area
unexplored area
unexplored area
unexplored area
unexplored area
unexplored area
unexplored area
unexplored area
unexplored area
unexplored area
unexplored area
unexplored area
unexplored area
unexplored area
unexplored area
unexplored area
unexplored area
unexplored area
unexplored area
unexplored area
unexplored area
unexplored area
unexplored area
unexplored area
unexplored area
unexplored area
unexplored area
unexplored area
unexplored area
unexplored area
unexplored area
unexplored area
unexplored area
unexplored area
unexplored area
unexplored area
unexplored area
unexplored area
unexplored area
unexplored area
unexplored area
unexplored area
unexplored area
unexplored area
unexplored area
unexplored area
unexplored area
unexplored area
unexplored area
unexplored area
unexplored area
unexplored area
unexplored area
unexplored area
unexplored area
unexplored area
unexplored area
unexplored area
unexplored area
unexplored area
unexplored area
unexplored area
unexplored area
unexplored area
unexplored area
unexplored area
unexplored area
unexplored area
unexplored area
unexplored area
unexplored area
unexplored area
unexplored area
unexplored area
unexplored area
unexplored area
unexplored area
unexplored area
unexplored area
unexplored area
unexplored area
unexplored area
unexplored area
unexplored area
unexplored area
unexplored area
unexplored area
unexplored area
unexplored area
unexplored area
unexplored area
unexplored area
unexplored area
unexplored area
unexplored area
unexplored area
unexplored area
unexplored area
unexplored area
unexplored area
unexplored area
unexplored area
unexplored area
unexplored area
unexplored area
unexplored area
unexplored area
unexplored area
unexplored area
unexplored area
unexplored area
unexplored area
unexplored area
unexplored area
unexplored area
unexplored area
unexplored area
unexplored area
unexplored area
unexplored area
unexplored area
unexplored area
unexplored area
unexplored area
unexplored area
unexplored area
unexplored area
unexplored area
unexplored area
unexplored area
unexplored area
unexplored area
unexplored area
unexplored area
unexplored area
unexplored area
unexplored area
unexplored area
unexplored area
unexplored area
unexplored area
unexplored area
unexplored area
unexplored area
unexplored area
unexplored area
unexplored area
unexplored area
unexplored area
unexplored area
unexplored area
unexplored area
unexplored area
unexplored area
unexplored area
unexplored area
unexplored area
unexplored area
unexplored area
unexplored area
unexplored area
unexplored area
unexplored area
unexplored area
unexplored area
unexplored area
unexplored area
unexplored area
unexplored area
unexplored area
unexplored area
unexplored area
unexplored area
unexplored area
unexplored area
unexplored area
unexplored area
unexplored area
unexplored area
unexplored area
unexplored area
unexplored area
unexplored area
unexplored area
unexplored area
unexplored area
unexplored area
unexplored area
unexplored area
unexplored area
unexplored area
unexplored area
unexplored area
unexplored area
unexplored area
unexplored area
unexplored area
unexplored area
unexplored area
unexplored area
unexplored area
unexplored area
unexplored area
unexplored area
unexplored area
unexplored area
unexplored area
unexplored area
unexplored area
unexplored area
unexplored area
unexplored area
unexplored area
unexplored area
unexplored area
unexplored area
unexplored area
unexplored area
unexplored area
unexplored area
unexplored area
unexplored area
unexplored area
unexplored area
unexplored area
unexplored area
unexplored area
unexplored area
unexplored area
unexplored area
unexplored area
unexplored area
unexplored area
unexplored area
unexplored area
unexplored area
unexplored area
unexplored area
unexplored area
unexplored area
unexplored area
unexplored area
unexplored area
unexplored area
unexplored area
unexplored area
unexplored area
unexplored area
unexplored area
unexplored area
unexplored area
unexplored area
unexplored area
unexplored area
unexplored area
unexplored area
unexplored area
unexplored area
unexplored area
unexplored area
unexplored area
unexplored area
unexplored area
unexplored area
unexplored area
unexplored area
unexplored area
unexplored area
unexplored area
unexplored area
unexplored area
unexplored area
unexplored area
unexplored area
unexplored area
unexplored area
unexplored area
unexplored area
unexplored area
unexplored area
unexplored area
unexplored area
unexplored area
unexplored area
unexplored area
unexplored area
unexplored area
unexplored area
unexplored area
unexplored area
unexplored area
unexplored area
unexplored area
unexplored area
unexplored area
unexplored area
unexplored area
unexplored area
unexplored area
unexplored area
unexplored area
unexplored area
unexplored area
unexplored area
unexplored area
unexplored area
unexplored area
unexplored area
unexplored area
unexplored area
unexplored area
unexplored area
unexplored area
unexplored area
unexplored area
unexplored area
unexplored area
unexplored area
unexplored area
unexplored area
unexplored area
unexplored area
unexplored area
unexplored area
unexplored area
unexplored area
unexplored area
unexplored area
unexplored area
unexplored area
unexplored area
unexplored area
unexplored area
unexplored area
unexplored area
unexplored area
unexplored area
unexplored area
unexplored area
unexplored area
unexplored area
unexplored area
unexplored area
unexplored area
unexplored area
unexplored area
unexplored area
unexplored area
unexplored area
unexplored area
unexplored area
unexplored area
unexplored area
unexplored area
unexplored area
unexplored area
unexplored area
unexplored area
unexplored area
unexplored area
unexplored area
unexplored area
unexplored area
unexplored area
unexplored area
unexplored area
unexplored area
unexplored area
unexplored area
unexplored area
unexplored area
unexplored area
unexplored area
unexplored area
unexplored area
unexplored area
unexplored area
unexplored area
unexplored area
unexplored area
unexplored area
unexplored area
unexplored area
unexplored area
unexplored area
unexplored area
unexplored area
unexplored area
unexplored area
unexplored area
unexplored area
unexplored area
unexplored area
unexplored area
unexplored area
unexplored area
unexplored area
unexplored area
unexplored area
unexplored area
unexplored area
unexplored area
unexplored area
unexplored area
unexplored area
unexplored area
unexplored area
unexplored area
unexplored area
unexplored area
unexplored area
unexplored area
unexplored area
unexplored area
unexplored area
unexplored area
unexplored area
unexplored area
unexplored area
unexplored area
unexplored area
unexplored area
unexplored area
unexplored area
unexplored area
unexplored area
unexplored area
unexplored area
unexplored area
unexplored area
unexplored area
unexplored area
unexplored area
unexplored area
unexplored area
unexplored area
unexplored area
unexplored area
unexplored area
unexplored area
unexplored area
unexplored area
unexplored area
unexplored area
unexplored area
unexplored area
unexplored area
unexplored area
unexplored area
unexplored area
unexplored area
unexplored area
unexplored area
unexplored area
unexplored area
unexplored area
unexplored area
unexplored area
unexplored area
unexplored area
unexplored area
unexplored area
unexplored area
unexplored area
unexplored area
unexplored area
unexplored area
unexplored area
unexplored area
unexplored area
unexplored area
unexplored area
unexplored area
unexplored area
unexplored area
unexplored area
unexplored area
unexplored area
unexplored area
unexplored area
unexplored area
unexplored area
unexplored area
unexplored area
unexplored area
unexplored area
unexplored area
unexplored area
unexplored area
unexplored area
unexplored area
unexplored area
unexplored area
unexplored area
unexplored area
unexplored area
unexplored area
unexplored area
unexplored area
unexplored area
unexplored area
unexplored area
unexplored area
unexplored area
unexplored area
unexplored area
unexplored area
unexplored area
unexplored area
unexplored area
unexplored area
unexplored area
unexplored area
unexplored area
unexplored area
unexplored area
unexplored area
unexplored area
unexplored area
unexplored area
unexplored area
unexplored area
unexplored area
unexplored area
unexplored area
unexplored area
unexplored area
unexplored area
unexplored area
unexplored area
unexplored area
unexplored area
unexplored area
unexplored area
unexplored area
unexplored area
unexplored area
unexplored area
unexplored area
unexplored area
unexplored area
unexplored area
unexplored area
unexplored area
unexplored area
unexplored area
unexplored area
unexplored area
unexplored area
unexplored area
unexplored area
unexplored area
unexplored area
unexplored area
unexplored area
unexplored area
unexplored area
unexplored area
unexplored area
unexplored area
unexplored area
unexplored area
unexplored area
unexplored area
unexplored area
unexplored area
unexplored area
unexplored area
unexplored area
unexplored area
unexplored area
unexplored area
unexplored area
unexplored area
unexplored area
unexplored area
unexplored area
unexplored area
unexplored area
unexplored area
unexplored area
unexplored area
unexplored area
unexplored area
unexplored area
unexplored area
unexplored area
unexplored area
unexplored area
unexplored area
unexplored area
unexplored area
unexplored area
unexplored area
unexplored area
unexplored area
unexplored area
unexplored area
unexplored area
unexplored area
unexplored area
unexplored area
unexplored area
unexplored area
unexplored area
unexplored area
unexplored area
unexplored area
unexplored area
unexplored area
unexplored area
unexplored area
unexplored area
unexplored area
unexplored area
unexplored area
unexplored area
unexplored area
unexplored area
unexplored area
unexplored area
unexplored area
unexplored area
unexplored area
unexplored area
unexplored area
unexplored area
unexplored area
unexplored area
unexplored area
unexplored area
unexplored area
unexplored area
unexplored area
unexplored area
unexplored area
unexplored area
unexplored area
unexplored area
unexplored area
unexplored area
unexplored area
unexplored area
unexplored area
unexplored area
unexplored area
unexplored area
unexplored area
unexplored area
unexplored area
unexplored area
unexplored area
unexplored area
unexplored area
unexplored area
unexplored area
unexplored area
unexplored area
unexplored area
unexplored area
unexplored area
unexplored area
unexplored area
unexplored area
unexplored area
unexplored area
unexplored area
unexplored area
unexplored area
unexplored area
unexplored area
unexplored area
unexplored area
unexplored area
unexplored area
unexplored area
unexplored area
unexplored area
unexplored area
unexplored area
unexplored area
unexplored area
unexplored area
unexplored area
unexplored area
unexplored area
unexplored area
unexplored area
unexplored area
unexplored area
unexplored area
unexplored area
unexplored area
unexplored area
unexplored area
unexplored area
unexplored area
unexplored area
unexplored area
unexplored area
unexplored area
unexplored area
unexplored area
unexplored area
unexplored area
unexplored area
unexplored area
unexplored area
unexplored area
unexplored area
unexplored area
unexplored area
unexplored area
unexplored area
unexplored area
unexplored area
unexplored area
unexplored area
unexplored area
unexplored area
unexplored area
unexplored area
unexplored area
unexplored area
unexplored area
unexplored area
unexplored area
unexplored area
unexplored area
unexplored area
unexplored area
unexplored area
unexplored area
unexplored area
unexplored area
unexplored area
unexplored area
unexplored area
unexplored area
unexplored area
unexplored area
unexplored area
unexplored area
unexplored area
unexplored area
unexplored area
unexplored area
unexplored area
unexplored area
unexplored area
unexplored area
unexplored area
unexplored area
unexplored area
unexplored area
unexplored area
unexplored area
unexplored area
unexplored area
unexplored area
unexplored area
unexplored area
unexplored area
unexplored area
unexplored area
unexplored area
unexplored area
unexplored area
unexplored area
unexplored area
unexplored area
unexplored area
unexplored area
unexplored area
unexplored area
unexplored area
unexplored area
unexplored area
unexplored area
unexplored area
unexplored area
unexplored area
unexplored area
unexplored area
unexplored area
unexplored area
unexplored area
unexplored area
unexplored area
unexplored area
unexplored area
unexplored area
unexplored area
unexplored area
unexplored area
unexplored area
unexplored area
unexplored area
unexplored area
unexplored area
unexplored area
unexplored area
unexplored area
unexplored area
unexplored area
unexplored area
unexplored area
unexplored area
unexplored area
unexplored area
unexplored area
unexplored area
unexplored area
unexplored area
unexplored area
unexplored area
unexplored area
unexplored area
unexplored area
unexplored area
unexplored area
unexplored area
unexplored area
unexplored area
unexplored area
unexplored area
unexplored area
unexplored area
unexplored area
unexplored area
unexplored area
unexplored area
unexplored area
unexplored area
unexplored area
unexplored area
unexplored area
unexplored area
unexplored area
unexplored area
unexplored area
unexplored area
unexplored area
unexplored area
unexplored area
unexplored area
unexplored area
unexplored area
unexplored area
unexplored area
unexplored area
unexplored area
unexplored area
unexplored area
unexplored area
unexplored area
unexplored area
unexplored area
unexplored area
unexplored area
unexplored area
unexplored area
unexplored area
unexplored area
unexplored area
unexplored area
unexplored area
unexplored area
unexplored area
unexplored area
unexplored area
unexplored area
unexplored area
unexplored area
unexplored area
unexplored area
unexplored area
unexplored area
unexplored area
unexplored area
unexplored area
unexplored area
unexplored area
unexplored area
unexplored area
unexplored area
unexplored area
unexplored area
unexplored area
unexplored area
unexplored area
unexplored area
unexplored area
unexplored area
unexplored area
unexplored area
unexplored area
unexplored area
unexplored area
unexplored area
unexplored area
unexplored area
unexplored area
unexplored area
unexplored area
unexplored area
unexplored area
unexplored area
unexplored area
unexplored area
unexplored area
unexplored area
unexplored area
unexplored area
unexplored area
unexplored area
unexplored area
unexplored area
unexplored area
unexplored area
unexplored area
unexplored area
unexplored area
unexplored area
unexplored area
unexplored area
unexplored area
unexplored area
unexplored area
unexplored area
unexplored area
unexplored area
unexplored area
unexplored area
unexplored area
unexplored area
unexplored area
unexplored area
unexplored area
unexplored area
unexplored area
unexplored area
unexplored area
unexplored area
unexplored area
unexplored area
unexplored area
unexplored area
unexplored area
unexplored area
unexplored area
unexplored area
[Stenno the Woman-at-arms ] St:18/01 Dx:16 Co:18 In:9 Wi:11 Ch:7 Lawful Dlvl:22 $:0 HP:0(122) Pw:23(22) AC:-4 Xp:11 T:13250

Latest messages:

The troll just misses!
The hill orc hits!
You kill the bugbear!
The gray dragon bites!
The gray dragon hits!
The gray dragon knocks you back with a powerful blow!
You bump into a bugbear.
You stagger...
The gray dragon hits!
The hobgoblin hits!
The troll hits!
The troll hits!
The troll misses!
The hill orc hits!
You kill the hobgoblin!
The bugbear hits!
The gray dragon bites!
The gray dragon hits!
The gray dragon hits!
The troll hits!
The troll hits!
The troll bites!
The hill orc misses!
You feel a bit steadier now.
There is an opulent throne here.
e - a scroll of teleportation.
The bugbear hits!
The gray dragon bites!
The gray dragon hits!
The gray dragon knocks you back with a powerful strike!
Ouch!
You stagger...
The bugbear misses!
The rock troll picks up an orcish dagger.
What do you want to use or apply? [a-dghktuY or ?*] u
You feel a bit steadier now.
The bugbear misses!
The gray dragon breathes fragments!
The blast of missiles hits the rock troll!
The blast of missiles hits you!
Valkyrie, all your powers will be lost...
The rock troll wields an orcish dagger!
What do you want to zap? [adY or ?*] d
In what direction? >
You dig a hole through the ground.
You fall through...
The rock troll thrusts her orcish dagger.
The rock troll hits!
You die...
Do you want your possessions identified? [ynq] (y) q

Inventory:

Amulets

v - an uncursed amulet versus poison (being worn)

Weapons

E - 4 uncursed +2 daggers (at the ready)
G - an uncursed +5 elven spear (weapon in hand)

Armor

m - a blessed +1 orcish helm (being worn)
A - a blessed +1 pair of gauntlets of dexterity (being worn)
V - an uncursed thoroughly rusty +0 pair of iron shoes (being worn)
J - an uncursed +3 small shield (being worn)
i - an uncursed +0 elven cloak (being worn)
l - an uncursed +0 elven mithril-coat (being worn)

Comestibles

X - 3 uncursed food rations
Z - an uncursed tripe ration
P - an uncursed tin of candied pit viper meat

Scrolls

e - an uncursed scroll of teleportation

Wands

d - an uncursed wand of digging (0:4)
Y - an uncursed wand of lightning (0:3)
a - an uncursed wand of striking (0:4)

Tools

h - a blessed bag of holding containing 75 items
g - an uncursed oil lamp
k - an uncursed skeleton key
c - an uncursed stethoscope
b - an uncursed towel
u - an uncursed +0 unicorn horn

Gems/Stones

t - 2 uncursed flint stones

Contents of the bag of holding:

2304 gold pieces
a cursed amulet of change
an uncursed amulet of guarding
an uncursed +2 dagger
3 uncursed +0 daggers
a cursed -3 elven dagger
a blessed +0 spear
an uncursed +0 elven leather helm
an uncursed +0 pair of elven boots
an uncursed +0 mummy wrapping
2 uncursed food rations
an uncursed lembas wafer
5 uncursed tripe rations
an uncursed lichen corpse
a blessed scroll of blank paper
3 uncursed scrolls of blank paper
a cursed scroll of blank paper
an uncursed scroll of destroy armor
an uncursed scroll of magic mapping
a blessed scroll of confuse monster
an uncursed scroll of taming
a blessed scroll of enchant armor
2 uncursed scrolls of earth
an uncursed scroll of enchant weapon
a cursed scroll of enchant weapon
an uncursed scroll of scare monster
an uncursed scroll of scare monster
an uncursed scroll of charging
an uncursed scroll of create monster
a cursed scroll of create monster
an uncursed scroll of gold detection
an uncursed scroll of remove curse
a blessed scroll of teleportation
2 uncursed scrolls of teleportation
a blessed potion of sleeping
2 uncursed potions of gain energy
an uncursed potion of levitation
an uncursed potion of confusion
an uncursed potion of monster detection
an uncursed potion of full healing
2 uncursed potions of paralysis
a cursed potion of paralysis
an uncursed potion of see invisible
3 uncursed potions of object detection
2 potions of holy water
an uncursed potion of extra healing named SMOKY
a blessed potion of gain ability
a blessed potion of gain level
an uncursed potion of healing
2 uncursed potions of restore ability
an uncursed +0 ring of increase accuracy
an uncursed +3 ring of increase damage
an uncursed ring of searching
an uncursed ring of free action
an uncursed +1 ring of protection
an uncursed wand of magic missile (0:6)
an uncursed wand of speed monster (0:6)
an uncursed wand of create monster (0:10)
an uncursed wand of digging (0:4)
a cursed wand of fire (0:5)
an uncursed tooled horn
an uncursed tin whistle
an uncursed figurine of a Grey-elf
an uncursed figurine of a leather golem
an uncursed magic whistle
an uncursed magic whistle
an uncursed skeleton key
an uncursed +0 unicorn horn
3 uncursed obsidian stones
an uncursed fluorite stone
2 uncursed worthless pieces of white glass
an uncursed chrysoberyl stone
2 uncursed worthless pieces of yellow glass
2 uncursed worthless pieces of yellowish brown glass
an uncursed amber stone

Stenno the Valkyrie's attributes:


Background:

You were a Woman-at-arms, a level 11 human Valkyrie.
You were lawful, on a mission for Tyr
who was opposed by Odin (neutral) and Loki (chaotic).
You were in the Dungeons of Doom, on level 22.
You entered the dungeon 13250 turns ago.
There was a new moon in effect when your adventure ended.
You had 10339 experience points, 9661 more were needed to attain level 12.

Basics:

You had 0 out of 122 hit points.
You had 23 out of 22 energy points (spell power).
Your armor class was -4.
Your wallet was empty, but
you had 2304 zorkmids stashed away in your pack.
Autopickup was on for '$/=?!' plus thrown.

Final Characteristics:

Your strength was 18/01 (limit:18/100).
Your dexterity was 16 (base:15, peak:16, limit:18).
Your constitution was 18 (limit:18).
Your intelligence was 9 (limit:18).
Your wisdom was 11 (limit:18).
Your charisma was 7 (limit:18).

Final Status:

You were not hungry.
You were unencumbered.
You were wielding a spear.
You had expert skill with spear.

Final Attributes:

You were piously aligned.
You were fire resistant.
You were cold resistant.
You were sleep resistant.
You were shock resistant.
You were poison resistant.
You were telepathic.
You were stealthy.
You were guarded.
You were fast.
You are dead.

Miscellaneous:
You disabled loading of bones levels.
Total elapsed playing time was 1 hour, 48 minutes and 16 seconds.

Major events:

Turn

1: stenno the lawful human Valkyrie entered the dungeon
528: entered the Gnomish Mines
544: attained the rank of Skirmisher (level 3)
1066: reached Mine Town
1403: attained the rank of Fighter (level 6)
4163: entered Sokoban
5008: completed 2nd Sokoban level
5331: completed 3rd Sokoban level
6239: completed 4th Sokoban level
6334: acquired the Sokoban bag of holding
8843: attained the rank of Woman-at-arms (level 10)
13250: killed by a rock troll

Vanquished creatures:

a displacer beast
a titanothere
a trapper
a vampire
3 giant mimics
2 ogre tyrants
a flesh golem
a doppelganger
a large mimic
a wumpus
a giant zombie
5 wargs
a winter wolf
4 small mimics
a glass piercer
a warhorse
a xan
an ogre leader
2 quantum mechanics
a troll
a gelatinous cube
a freezing sphere
2 shocking spheres
a tiger
a dwarf ruler
a leocrotta
a mountain centaur
a cobra
3 wraiths
a carnivorous ape
4 Grey-elves
a giant beetle
3 quivering blobs
2 cockatrices
6 wolves
3 winter wolf cubs
a panther
2 leprechauns
2 orc-captains
an iron piercer
2 giant spiders
an ice vortex
a black light
2 vampire bats
a gnome ruler
an orc mummy
3 ogres
4 brown puddings
2 rust monsters
3 owlbears
2 yetis
3 werewolves
a Green-elf
a lizard
a chickatrice
a housecat
2 jaguars
2 blue jellies
2 gray unicorns
4 dust vortices
a raven
2 gnome mummies
2 snakes
3 human zombies
3 rope golems
4 Woodland-elves
6 fire ants
a bugbear
an imp
a water nymph
a mountain nymph
4 Mordor orcs
3 Uruk-hai
3 orc shamans
3 rock piercers
a rock mole
6 ponies
2 fog clouds
5 yellow lights
a violet fungus
7 gnome leaders
2 gnomish wizards
a kobold mummy
2 gray oozes
an elf zombie
a ghoul
2 straw golems
2 paper golems
2 giant ants
5 floating eyes
2 kittens
8 dwarves
2 homunculi
a kobold leader
a kobold shaman
16 hill orcs
7 rothes
2 centipedes
a giant bat
a monkey
an orc zombie
3 dwarf zombies
a wererat
7 iguanas
2 killer bees
3 acid blobs
a gas spore
3 hobbits
4 manes
3 hobgoblins
7 giant rats
a cave spider
a brown mold
3 yellow molds
32 gnomes
20 garter snakes
2 gnome zombies
8 geckos
12 jackals
a fox
3 goblins
3 grid bugs
3 bats
7 lichens
8 newts
366 creatures vanquished.
No species were genocided or became extinct.

Voluntary challenges:

You read items or engraved 7 times.
You never engraved Elbereth.
You never genocided any monsters.
You never polymorphed an object.
You used no wishes.
You did not violate any of the special Sokoban rules.

Achievements:

You entered a shop.
You entered the Gnomish Mines.
You attained the rank of Skirmisher.
You entered Minetown.
You entered a temple.
You attained the rank of Fighter.
You entered Sokoban.
You completed Sokoban.
You attained the rank of Woman-at-arms.

The Dungeons of Doom: levels 1 to 22

   Level 1:
A fountain.
Level 2:
A general store, a fountain.
Stairs down to The Gnomish Mines.
Level 3:
Level 4:
Level 5:
A fountain.
Level 6:
Many fountains.
Level 7:
A potion shop, many fountains.
Stairs up to Sokoban, level 6.
Level 8:
An altar.
Level 9:
Level 10:
Some fountains.
Level 11:
A fountain, a grave.
Level 12:
A potion shop, a fountain, a sink.
Level 13: "quest"
A fountain.
Summoned by the Norn.
Portal to The Quest.
Level 14:
An altar.
Level 15:
A temple to Tyr.
Level 16:
Some fountains.
Level 17:
Level 18:
A primitive area.
Level 19:
Level 20:
Level 21:
A throne.
Level 22: <- You were here.
Final resting place for
you, killed by a rock troll.

The Gnomish Mines: levels 3 to 6

   Level 3:
Level 4:
Level 5:
Level 6:
Many shops, a temple to Tyr, many fountains.

The Quest:

   Level 1:
A fountain.
Home.

Sokoban: levels 6 up to 3

   Level 3:
Solved.
Level 4:
Solved.
Level 5:
Solved.
Level 6:
Unsolved.

Game over:

----------
/ \
/ REST \
/ IN \
/ PEACE \
/ \
| stenno |
| 2304 Au |
| killed by a rock |
| troll |
| |
| |
| 2022 |
*| * * * | *
_________)/\\_//(\/(/\)/\//\/|_)_______

Farvel stenno the Valkyrie...


You died in The Dungeons of Doom on dungeon level 22 with 46540 points,
and 2304 pieces of gold, after 13250 moves.
You were level 11 with a maximum of 122 hit points when you died.